 Dungeon Crawl Stone Soup version 0.28-a0-932-g843f935a50 (webtiles) character file.

Game seed: 12425550510439433641

2205 Zonian the Covert (level 9, 0/45 HPs)
             Began as a Vine Stalker Brigand on Nov 28, 2021.
             Was an Elder of Nemelex Xobeh.
             Succumbed to a water moccasin's poison
             ... on level 6 of the Dungeon.
             The game lasted 00:13:11 (5913 turns).

Zonian the Covert (Vine Stalker Brigand)            Turns: 5913, Time: 00:13:12

Health: 0/45       AC:  4    Str: 13    XL:     9   Next: 34%
Magic:  9/10       EV: 15    Int: 12    God:    Nemelex Xobeh [****..]
Gold:   319        SH: 10    Dex: 25    Spells: 8/8 levels left

rFire   . . .      SeeInvis .   m - +2 short sword (venom)
rCold   + . .      Faith    .   h - +0 buckler
rNeg    . . .      Spirit   +   b - +0 robe
rPois   .          Reflect  .   l - +0 helmet
rElec   .          Harm     .   c - +0 cloak
rCorr   .          Rampage  .   (no gloves)
Will    +....                   (no boots)
Stlth   +++++.....              r - amulet of magic regeneration
HPRegen 0.95/turn               g - ring of ice
MPRegen 0.52/turn               s - +6 ring of dexterity

@: lethally poisoned (0 -> 0), on berserk cooldown, slowed, studying Crossbows,
very slow
A: fangs 3, regeneration 1, magic shield, antimagic bite, no potion heal 2,
large bone plates 1, fire resistance 1, mutation resistance 1
a: Renounce Religion, Draw Escape, Draw Destruction, Draw Summoning, Triple
Draw, Deal Four


You were on level 6 of the Dungeon.
You worshipped Nemelex Xobeh.
Nemelex Xobeh was greatly pleased with you.
You visited 1 branch of the dungeon, and saw 6 of its levels.

You collected 319 gold pieces.

Inventory:

Hand Weapons
 a - a +2 dagger
 i - a +2 falchion of holy wrath
 m - a +2 short sword of venom (weapon)
 t - a +1 dagger of electrocution
Missiles
 d - 17 poisoned darts (quivered)
 e - 2 curare-tipped darts
 j - 74 bolts
Armour
 b - a +0 robe (worn)
 c - a +0 cloak (worn)
 h - a +0 buckler (worn)
 l - a +0 helmet (worn)
Magical Staves
 p - a staff of earth
Jewellery
 g - a ring of ice (left hand)
 o - a ring of willpower
 r - an amulet of magic regeneration (around neck)
 s - a +6 ring of dexterity (right hand)
Wands
 k - a wand of iceblast (5)
 u - a wand of flame (16)
 v - a wand of acid (3)
Scrolls
 x - 4 scrolls of teleportation
Potions
 f - a potion of flight
 q - 2 potions of lignification
 A - a potion of resistance {unknown}


   Skills:
 + Level 4.1 Fighting
 + Level 5.2(5.3) Short Blades
 - Level 1.0(3.4) Long Blades
 + Level 1.8 Throwing
 + Level 4.4 Dodging
 + Level 10.1 Stealth
 - Level 4.0 Shields


You had 8 spell levels left.
You didn't know any spells.
Your spell library contained the following spells:

 Spells                   Type           Power      Damage    Failure   Level
 Shock                    Conj/Air       0%         1d3       32%         1
 Summon Small Mammal      Summ           0%         N/A       32%         1
 Call Canine Familiar     Summ           0%         N/A       69%         3
 Gell's Gravitas          Tloc           0%         N/A       69%         3
 Summon Guardian Golem    Hex/Summ       0%         N/A       69%         3
 Swiftness                Air            0%         N/A       69%         3
 Teleport Other           Tloc           0%         N/A       69%         3
 Airstrike                Air            0%         N/A       97%         4
 Dispersal                Tloc           0%         N/A       100%        6


Dungeon Overview and Level Annotations

Branches:
Dungeon (6/15)
 Temple: D:4-7

Altars:
Nemelex Xobeh
Zin

Shops:
D:2 [   D:4 (


Innate Abilities, Weirdness & Mutations

You have razor-sharp teeth.
Your natural rate of healing is unusually fast.
When hurt, damage is shared between your health and your magic reserves.
Your bite disrupts and absorbs the magic of your enemies.
Potions cannot restore your health.
You are partially covered in large bone plates. (SH +4)
Your flesh is heat resistant. (rF+)
You are somewhat resistant to further mutation.


Message History

* * * LOW HITPOINT WARNING * * *
You feel very sick. The adder barely misses you.
You block the water moccasin's attack.
An orc wizard comes into view. It is wielding a +0 dagger.
The adder barely misses you.
It was a potion of magic.
Magic courses through your body.
* * * LOW HITPOINT WARNING * * *
You feel very sick.
The water moccasin completely misses you.
You block the adder's attack.
An ufetubus comes into view.
* * * LOW HITPOINT WARNING * * *
You feel very sick.
* * * LOW HITPOINT WARNING * * *
You feel very sick.
It was a potion of berserk rage.
A red film seems to cover your vision as you go berserk!
You feel yourself moving faster!
You feel mighty!
You feel sick.
The ufetubus shouts!
The water moccasin completely misses you.
You block the adder's attack. You block the water moccasin's attack.
You are too berserk!
A necrophage comes into view.
Found a ring mail.
You feel a strong urge to attack something.
You feel sick. The ufetubus hits you.
* * * LOW HITPOINT WARNING * * *
You block the ufetubus's attack.
A kobold brigand comes into view.
It is wielding a +0 whip and quivering poisoned darts.
Found 12 gold pieces.
You feel sick.
The kobold brigand shouts!
An adder comes into view.
You feel your anger nearly subside.
You feel sick.
The adder hisses angrily.
You are no longer berserk.
You are exhausted.
You feel yourself slow down.
You die...
Your body disappears without a glow.

#. #. ######.
##### #......
#...# #.#####
## #..#..# #.#
[#..# #..# #.#
##S.# .##..##.#
#.@##...##..#.#
#.....K..##.o.#
#.n##...##..###
##.5##.##.)##
#.#SS###..#.#
##.#D.#.D#.##
#.#.#...#.#.#
#############


You could see a steam dragon, a kobold brigand, a necrophage, 2 adders and an
ufetubus.

Vanquished Creatures
  4 vampire mosquitoes (D:6)
  A water moccasin (D:6)
  An orc warrior (D:4)
  An ice beast (D:5)
  2 ogres (D:6)
  A necrophage (D:4)
  2 centaurs
  A phantom (D:4)
  A wyvern zombie (D:4)
  3 scorpions
  2 wights (D:5)
  2 orc priests (D:4)
  A hound (D:3)
  A jelly (D:6)
  5 iguanas
  2 centaur skeletons
  A scorpion zombie (D:5)
  3 orc wizards
  2 hound skeletons (D:4)
  A howler monkey skeleton (D:6)
  A gnoll (D:2)
  7 adders
  2 worms
  A dart slug (D:1)
  12 orcs
  4 ball pythons
  3 bats (D:3)
  9 endoplasms
  6 giant cockroaches
  8 goblins
  8 hobgoblins
  5 jackals
  2 quokkas
  8 frilled lizards
  3 kobolds
  7 rats
123 creatures vanquished.

Notes
Turn   | Place    | Note
-------+----------+-------------------------------------------
     0 | D:1      | Zonian the Vine Stalker Brigand began the quest for the
                  | Orb.
     0 | D:1      | Reached XP level 1. HP: 11/11 MP: 2/2
    76 | D:1      | Reached skill level 5 in Stealth
   196 | D:1      | Reached XP level 2. HP: 12/15 MP: 3/3
   704 | D:1      | Reached skill level 1 in Dodging
   886 | D:1      | Found a faded altar of an unknown god.
   891 | D:1      | Reached XP level 3. HP: 17/18 MP: 2/4
   907 | D:1      | Prayed at the altar of an unknown god.
   907 | D:1      | Became a worshipper of Nemelex Xobeh the Trickster
   907 | D:1      | Reached * piety under Nemelex Xobeh
   907 | D:1      | Received a gift from Nemelex Xobeh
  1681 | D:2      | Found Kabidoiw's Armour Shop.
  1943 | D:2      | Reached skill level 6 in Stealth
  1943 | D:2      | Gained mutation: Your natural rate of healing is unusually
                  | fast. [Vine Stalker growth]
  1943 | D:2      | Reached XP level 4. HP: 23/23 MP: 5/5
  1987 | D:2      | Reached ** piety under Nemelex Xobeh
  2288 | D:3      | Gained mutation: You are somewhat resistant to further
                  | mutation. [potion of mutation]
  2288 | D:3      | Gained mutation: You are partially covered in large bone
                  | plates. (SH +4) [potion of mutation]
  2288 | D:3      | Gained mutation: Your flesh is heat resistant. (rF+)
                  | [potion of mutation]
  2288 | D:3      | HP: 1/23 [orc (5)]
  2479 | D:3      | Reached skill level 1 in Shields
  2631 | D:3      | Reached XP level 5. HP: 21/26 MP: 6/6
  2683 | D:4      | Noticed a phantom
  2719 | D:4      | Killed a phantom
  2720 | D:4      | Reached XP level 6. HP: 31/31 MP: 7/7
  2733 | D:4      | Noticed a necrophage
  2738 | D:4      | Killed a necrophage
  2739 | D:4      | Reached skill level 7 in Stealth
  2812 | D:4      | Reached XP level 7. HP: 16/35 MP: 6/8
  2866 | D:4      | Received a gift from Nemelex Xobeh
  2963 | D:4      | Found Xibil Axkick's Weapon Shoppe.
  3186 | D:4      | Reached *** piety under Nemelex Xobeh
  3250 | D:4      | Received a gift from Nemelex Xobeh
  3681 | D:5      | Entered Level 5 of the Dungeon
  3747 | D:5      | Reached skill level 1 in Long Blades
  3884 | D:5      | Received a gift from Nemelex Xobeh
  4097 | D:5      | Found a glowing silver altar of Zin.
  4154 | D:5      | Gained mutation: You have razor-sharp teeth. [Vine Stalker
                  | growth]
  4154 | D:5      | Reached XP level 8. HP: 39/39 MP: 9/9
  4167 | D:5      | Reached skill level 8 in Stealth
  5201 | D:6      | Reached **** piety under Nemelex Xobeh
  5291 | D:6      | Reached skill level 9 in Stealth
  5324 | D:6      | Reached skill level 5 in Short Blades
  5324 | D:6      | Reached XP level 9. HP: 12/45 MP: 10/10
  5334 | D:6      | Reached skill level 10 in Stealth
  5909 | D:6      | HP: 3/67 [poisoned by a water moccasin]
  5912 | D:6      | HP: 1/67 [poisoned by a water moccasin]
  5913 | D:6      | Succumbed to a water moccasin's poison

Illustrated notes

Levels and vault maps discovered:
D:1:      saegor_arrival_simple_b, layout_basic,
          chequers_ecumenical_altar_simple_redux
D:2:      minmay_spotlight, layout_rooms, serial_shops, shop_fountains,
          grunt_decor_mini_mirrors
D:3:      layout_basic
D:4:      layout_gridville, serial_shops, nicolae_shop_bloodbath_and_beyond,
          st_stairs_5, minmay_stone_trees_small, minmay_misc_feat_cross,
          minivault_4, minmay_misc_feat_roman, minmay_manual_mullet
D:5:      layout_loops_corners, kennysheep_mini
D:6:      minmay_diamond_boxcup, layout_basic, minmay_curled_crystal,
          serial_park_tiny_pond

Skill      XL: |  1  2  3  4  5  6  7  8  9 |
---------------+----------------------------+-----
Stealth        | 5 6 7 9 10 | 10.1
Fighting       | 2 3 4 |  4.1
Dodging        | 1 2 3 4 |  4.4
Short Blades   | 2 3 5 |  5.2
Shields        | 1 2 4 |  4.0
Long Blades    | 1 |  1.0
Throwing       | |  1.8

Action                   |  1- 3 |  4- 6 |  7- 9 || total
-------------------------+-------+-------+-------++-------
Melee: Dagger            |    76 |    35 |    28 ||   139
       Bite              |    18 |    36 |    69 ||   123
       Short sword       |       |    77 |   129 ||   206
       Falchion          |       |       |    14 ||    14
Invok: Draw Destruction  |       |     1 |     8 ||     9
Evoke: Wand              |       |       |     1 ||     1
  Use: Potion            |       |     3 |     3 ||     6
       Scroll            |       |     4 |     4 ||     8
 Stab: Sleeping          |    14 |     6 |    13 ||    33
Armor: Robe              |    16 |    23 |    32 ||    71
Dodge: Dodged            |    26 |    57 |   100 ||   183
Block: Buckler           |     8 |    46 |    92 ||   146

Table legend: (Time is in decaauts)
 A = Elapsed time spent in this place.
 B = Non-inter-level travel time spent in this place.
 C = Inter-level travel time spent in this place.
 D = Time resting spent in this place.
 E = Time spent auto-exploring this place.
 F = Levels seen in this place.
 G = Mean time per level.
                   A        B        C        D        E       F      G
               +--------+--------+--------+--------+--------+-----+--------+
         Total |   5888 |   5693 |    195 |    880 |   3465 |   6 |  981.3 |
       Dungeon |   5888 |   5693 |    195 |    880 |   3465 |   6 |  981.3 |
               +--------+--------+--------+--------+--------+-----+--------+

Top non-repeatable levels by time:
     D:1: 1632 daAuts
     D:4: 1275 daAuts
     D:5: 1188 daAuts
     D:6: 766 daAuts
     D:2: 661 daAuts
     D:3: 365 daAuts
